Map: Eternal Empire LE

Players

Asuna - Winner!

  • Race: Protoss Protoss
  • League: Master
  • Spawn Location: 7:00

Astrea

  • Race: Protoss Protoss
  • League: Master
  • Spawn Location: 1:00

Event: DreamHack SC2 Masters 2020 Fall

VOD

Have the link to the VOD?

Description

Time

  • Played on: Sept. 3, 2020, 5:34 p.m.
  • Length: 6:01

All games in this series

Show
View Real Time Build Order
Export as new Build Order

Asuna Protoss - Winner!

Build Orders: Proxy Void Ray 

Get SALT Encoding   

  12  0:00  Probe  
  13  0:12  Probe  
  14  0:19  Pylon  
  14  0:24  Probe  
  15  0:36  Pylon  
  15  0:37  Probe (Chrono Boost)  
  17  0:50  Probe (Chrono Boost)  
  17  0:54  Gateway  
  17  0:58  Probe (Chrono Boost)  
  17  1:01  Assimilator  
  18  1:08  Probe  
  19  1:20  Probe  
  19  1:21  Assimilator  
  20  1:30  Pylon  
  20  1:33  Probe  
  21  1:40  Zealot (Chrono Boost)  
  21  1:43  Cybernetics Core  
  21  1:45  Probe  
  24  1:58  Zealot (Chrono Boost)  
  26  2:03  Pylon  
  26  2:16  Probe  
  26  2:22  Stalker (Chrono Boost)  
  29  2:24  Shield Battery x2  
  29  2:36  Stargate  
  29  2:43  Probe  
  30  2:52  Stalker  
  32  2:59  Shield Battery  
  32  3:14  Void Ray  
  32  3:24  Probe  
  37  3:33  Shield Battery  
  35  3:34  Shield Battery  
  35  3:38  Pylon  
  35  3:51  Void Ray (Chrono Boost)  
  35  4:02  Shield Battery  
  39  4:03  Shield Battery  
  39  4:15  Shield Battery  
  39  4:24  Stargate  
  39  4:26  Void Ray (Chrono Boost)  
  43  4:46  Shield Battery  
  43  4:47  Shield Battery  
  43  4:51  Robotics Facility  
  41  4:58  Void Ray  
  41  5:00  Probe  
  46  5:07  Assimilator  
  46  5:12  Probe  
Show
View Real Time Build Order
Export as new Build Order

Astrea Protoss 

Build Orders: Nexus First 

Get SALT Encoding   

  12  0:00  Probe  
  13  0:12  Probe  
  14  0:18  Pylon  
  14  0:24  Probe  
  15  0:36  Probe (Chrono Boost)  
  16  0:46  Probe (Chrono Boost)  
  17  0:51  Probe (Chrono Boost)  
  18  1:00  Nexus  
  18  1:10  Gateway  
  18  1:13  Probe  
  18  1:18  Assimilator  
  19  1:24  Assimilator  
  19  1:26  Probe  
  20  1:38  Probe  
  21  1:43  Gateway  
  21  1:50  Probe  
  22  1:58  Cybernetics Core  
  22  2:04  Pylon  
  23  2:10  Zealot (Chrono Boost)  
  23  2:14  Probe  
  25  2:30  Pylon  
  25  2:34  Adept (Chrono Boost)  
  25  2:35  Adept (Chrono Boost)  
  27  2:42  Warp Gate  
  29  2:56  Stalker  
  29  2:57  Stalker  
  33  3:10  Robotics Facility  
  33  3:19  Shield Battery  
  33  3:32  Stalker x2  
  37  3:41  Shield Battery  
  35  3:55  Immortal (Chrono Boost)  
  39  4:12  Pylon  
  39  4:23  Pylon  
  39  4:34  Stalker  
  39  4:35  Stalker  
  43  4:42  Warp Prism (Chrono Boost)  
  45  4:58  Pylon  
  45  4:59  Pylon  
  45  5:04  Shield Battery  
  45  5:17  Pylon  
  45  5:23  Gateway  

Tags
 
Add a new tag
Caveats
  • Supply blocks, unpowered buildings, or Contaminate may cause inaccurate times.
  • Supply counts are checked every 10 seconds.